[Event "Live Chess"]
[Site "Chess.com"]
[Date "2023.05.21"]
[Round "-"]
[White "matt1979"]
[Black "friarnator"]
[Result "0-1"]
[WhiteElo "1534"]
[BlackElo "2030"]
[TimeControl "300"]
[EndTime "8:42:46 PDT"]
[Termination "friarnator won by resignation"]

1. f4 e5 2. fxe5 d6 3. exd6 Bxd6 4. Nf3 Bg4 5. e4 Nf6 6. d3 O-O 7. Be2 Nc6 8. O-O h6 9. h3 Bxf3 10. Bxf3 Nd4 11. c3 Nxf3+ 12. Qxf3 c5 13. Bxh6 gxh6 14. Qxf6 Qxf6 15. Rxf6 Rad8 16. Rxh6 Be5 17. Rh5 f6 18. d4 cxd4 19. Na3 dxc3 20. Nc4 cxb2 21. Rb1 Rc8 22.
Nxb2 Rc2 23. Nd3 Bd4+ 24. Kh1 Rf7 25. Nf4 Be5 26. Ng6 Rg7 27. Rh8+ Kf7 28. Nxe5+ fxe5 29. g4 Kg6 30. Rh5 Rd7 31. Rxe5 Rdd2 32. Re6+ Kg5 33. Re5+ Kh4 34. Rh5+ Kg3 35. Rg1+ Kf3 36. Rf1+ Kxe4 37.
Re1+ Kd4 38. Rhe5 Rh2+ 39. Kg1 Rxh3 40. R1e4+ Kd3 41. g5 Rg3+ 42. Kf1 Rc1+ 43. Kf2 Rgg1 44. Re3+ Kd4 45. R5e4+ Kd5 46. Re5+ Kd4 47. R5e4+ Kc5 48. Re5+ Kb4 49. R5e4+ Ka5 50. Re5+ b5 51. Rb3 Rcf1+ 52.
Ke2 Re1+ 53. Kf2 Rxe5 54. Kxg1 Rxg5+ 55. Kf2 Re5 56. Kf3 b4 57. a3 Ka4 58. Rxb4+ Kxa3 59. Rb7 a5 60. Ra7 a4 61. Kf4 Re8 62. Kf3 Kb3 63. Kf2 a3 64. Rb7+ Ka2 65. Kf3 Ka1 66. Kf4 a2 67. Kf5 Re2 68. Kf4 Rb2 69. Ra7 Kb1 70. Re7 a1=Q 71. Re1+ Ka2 72. Rxa1+ Kxa1 0-1

[Event "Live Chess"]
[Site "Chess.com"]
[Date "2023.05.21"]
[Round "-"]
[White "zdanevych"]
[Black "ossie57"]
[Result "1-0"]
[WhiteElo "1475"]
[BlackElo "1818"]
[TimeControl "300"]
[EndTime "8:43:07 PDT"]
[Termination "zdanevych won by resignation"]

1. d4 d5 2. c4 c5 3. Nf3 dxc4 4.
e4 Bg4 5. Bxc4 Bxf3 6. Qxf3 e6 7. dxc5 Bxc5 8. Bxe6 fxe6 9. Qh5+ g6 10. Qxc5 Nd7 11. Qc3 Rc8 12. Qxh8 Rxc1+ 13. Ke2 Rc2+ 14. Nd2 Kf8 15. Qxh7 Qg5 16. Qxd7 Nf6 17. Qd3 Qg4+ 18.
Qf3 Qg5 19. Rad1 Qb5+ 20. Qd3 Qh5+ 21. f3 Rc6 22. Qd8+ Kf7 23. Qd3 Qg5 24. g3 Qh6 25.
Qe3 Qh3 26. Qf2 Qh6 27. Rc1 Rd6 28. Rhd1 1-0

[Event "Live Chess"]
[Site "Chess.com"]
[Date "2023.05.21"]
[Round "-"]
[White "WelshTiger"]
[Black "ramses-IIG"]
[Result "1-0"]
[WhiteElo "2321"]
[BlackElo "854"]
[TimeControl "300"]
[EndTime "8:43:13 PDT"]
[Termination "WelshTiger won by checkmate"]

1. e4 d5 2. Nc3 d4 3. Nce2 Nc6 4. Nf3 e5 5. Ng3 Bg4 6. h3 Bh5 7. Nxh5 Bb4 8. Nxg7+ Kf8 9. Nf5 Qd7 10. Bb5 a6 11.
Nxe5 Qe6 12. Bxc6 bxc6 13. f4 f6 14. O-O fxe5 15. fxe5 Qxe5 16. d3 Nf6 17. Bg5 Rg8 18. Bxf6 Qe6 19. Bxd4 Ke8 20. Ng7+ Rxg7 21. Bxg7 Qg6 22.
Bd4 Kd7 23. Qf3 Rg8 24. Qf7+ Kc8 25. Qxg6 Rxg6 26. Rf6 Rg5 27. Rxc6 Kb7 28. Rc4 Bd2 29. Rf1 h5 30. Rf5 Rg6 31. Rxh5 Rg3 32. Bf2 Rg8 33. Rh7 Rc8 34. Bg3 Be3+ 35. Kh2 Bb6 36. Bxc7 Bxc7+ 37. Rcxc7+ Rxc7 38.
Rxc7+ Kxc7 39. Kg3 Kd6 40. Kf4 Kc5 41. c3 Kb5 42. b3 a5 43. a4+ Kc5 44. h4 Kd6 45. h5 Ke6 46. h6 Kf6 47. g4 Kg6 48. g5 Kh5 49. b4 axb4 50. cxb4 Kh4 51. a5 Kh3 52. a6 Kg2 53. a7 Kf2 54. a8=Q Ke2 55. b5 Kd1 56. b6 Kd2 57. b7 Ke1 58. b8=Q Kf2 59. h7 Kf1 60. h8=Q Kg2 61. g6 Kf2 62. g7 Ke2 63. e5 Ke1 64. d4 Kf1 65. d5 Kg1 66. d6 Kf1 67. e6 Kf2 68. e7 Kf1 69.
d7 Kf2 70. g8=Q Kf1 71. Qhh1+ Kf2 72. Qhg2+ Ke1 73. e8=Q+ Kd1 74. d8=Q+ Kc1 75. Qa3# 1-0

[Event "Live Chess"]
[Site "Chess.com"]
[Date "2023.05.21"]
[Round "-"]
[White "Tiltador"]
[Black "educatedlad"]
[Result "0-1"]
[WhiteElo "934"]
[BlackElo "1614"]
[TimeControl "300"]
[EndTime "8:43:14 PDT"]
[Termination "educatedlad won by resignation"]

1. d4 d5 2. c3 Nf6 3. e3 e6 4.
Bb5+ c6 5. Bd3 Bd6 6. Nf3 Nbd7 7. O-O O-O 8. Ne5 Nxe5 9. dxe5 Bxe5 10. f4 Bc7 11.
Nd2 b6 12. Nf3 a5 13. Ne5 Ba6 14. Bxa6 Rxa6 15. Nxc6 Qd7 16. Ne5 Bxe5 17. fxe5 Ne4 18. Bd2 Qc7 19. Qh5 Nxd2 20. Rfd1 Ne4 21. Qe2 Qxe5 22.
Qxa6 Qg5 23. Qxb6 Rd8 24. Re1 Rd6 25. Qxa5 h5 26. Qa7 Qh4 27. Rf1 Qg5 28. Qxf7+ Kh8 29. Qf8+ Kh7 30. Rae1 Rb6 31. Rf7 Rxb2 32. Rxg7+ Qxg7 33.
Qxg7+ Kxg7 34. a4 Nxc3 35. a5 Ra2 36. h3 Rxa5 37. Rc1 Ne2+ 38. Kh2 Nxc1 0-1

[Event "Live Chess"]
[Site "Chess.com"]
[Date "2023.05.21"]
[Round "-"]
[White "SavagePawn7"]
[Black "Conradical12"]
[Result "0-1"]
[WhiteElo "775"]
[BlackElo "1507"]
[TimeControl "300"]
[EndTime "8:43:25 PDT"]
[Termination "Conradical12 won by checkmate"]

1. e4 e5 2. d4 Nc6 3. d5 Nce7 4. Nf3 d6 5. Nc3 f5 6. Bb5+ c6 7. Bd3 cxd5 8. exd5 Nf6 9. Ng5 h6 10. Ne6 Bxe6 11.
dxe6 e4 12. Bb5+ Nc6 13. Bxc6+ bxc6 14. O-O g5 15. Na4 d5 16. Be3 Qc7 17. Bc5 Bxc5 18. Nxc5 O-O-O 19. Qe2 Ng4 20. Qa6+ Kb8 21. Nd7+ Rxd7 22.
e7 Qxh2# 0-1

[Event "Live Chess"]
[Site "Chess.com"]
[Date "2023.05.21"]
[Round "-"]
[White "GMHarry-youtube"]
[Black "Tema1107"]
[Result "1-0"]
[WhiteElo "2001"]
[BlackElo "1951"]
[TimeControl "300"]
[EndTime "8:43:26 PDT"]
[Termination "GMHarry-youtube won on time"]

1. e4 c5 2. Nf3 d6 3. Bb5+ Bd7 4. Bxd7+ Qxd7 5. c4 Nf6 6. Nc3 g6 7. d4 cxd4 8. Nxd4 Bg7 9. f3 O-O 10. Be3 Nc6 11.
Qd2 Rac8 12. O-O a6 13. b3 Rfd8 14. Rac1 e6 15. Na4 Qe8 16. Nb6 Rc7 17. Nxc6 Rxc6 18. a4 Nd7 19. a5 e5 20. Rfd1 Nc5 21. Bxc5 Rxc5 22. b4 Rc6 23. c5 Bf8 24. Qd5 Be7 25.
cxd6 Rcxd6 26. Qb3 Rxd1+ 27. Rxd1 Rxd1+ 28. Qxd1 Bxb4 29. Nd5 Bc5+ 30. Kh1 Qb5 31. Nf6+ Kg7 32. Ng4 Bd4 33. Qe1 h5 34. Nf2 Bxf2 35. Qxf2 Qb1+ 36. Qg1 Qxg1+ 37. Kxg1 Kf6 38. Kf2 Ke6 39. Ke3 Kd6 40. Kd3 Kc5 41. g4 h4 42. Ke3 Kb5 43. f4 exf4+ 44.
Kxf4 Kxa5 45. Kg5 b5 46. Kf6 b4 47. Kxf7 b3 48. e5 b2 49. e6 b1=Q 50. e7 Qf1+ 51. Kxg6 Qf4 52. e8=Q Qxg4+ 53. Kh6 Qf4+ 54. Kh5 Qxh2 55.
Qd8+ Kb4 56. Qd4+ Kb3 57. Qd1+ Kc3 58. Qe1+ Kd3 59. Qf1+ 1-0

[Event "Live Chess"]
[Site "Chess.com"]
[Date "2023.05.21"]
[Round "-"]
[White "bedsdrout"]
[Black "djw60"]
[Result "1-0"]
[WhiteElo "1918"]
[BlackElo "2165"]
[TimeControl "300"]
[EndTime "8:43:28 PDT"]
[Termination "bedsdrout won by resignation"]

1. e4 e6 2. Nc3 d5 3. exd5 exd5 4. d4 Nf6 5. Nf3 c6 6. Bf4 Bd6 7. Bxd6 Qxd6 8. Bd3 O-O 9. O-O Bg4 10. a3 Nbd7 11. h3 Bh5 12. g4 Bg6 13. Bxg6 hxg6 14. Qd3 Rfe8 15. Rfe1 Qf4 16. Ne2 Qe4 17. Qb3 Nb6 18. Ng3 Qf4 19. Re5 Nc4 20. Ree1 Ne4 21. Nxe4 dxe4 22.
Qxc4 exf3 23. Qb3 Rad8 24. Rxe8+ Rxe8 25. d5 cxd5 26. Qxd5 Qe4 27. Qxe4 Rxe4 28. Rd1 Re2 29. Rd8+ Kh7 30. Rd7 Rxc2 31. Rxb7 f5 32. b4 fxg4 33. b5 g3 34. fxg3 Rg2+ 35. Kf1 Rxg3 36. Rxa7 Rxh3 37. b6 Rh2 38. Ra4 Rd2 39. b7 Rd8 40. Ra8 1-0

[Event "Live Chess"]
[Site "Chess.com"]
[Date "2023.05.21"]
[Round "-"]
[White "garyjc"]
[Black "jimwad"]
[Result "0-1"]
[WhiteElo "1075"]
[BlackElo "1222"]
[TimeControl "300"]
[EndTime "8:43:33 PDT"]
[Termination "jimwad won by resignation"]

1. e4 e5 2. Nf3 Nc6 3. d4 exd4 4.
Nxd4 Nxd4 5. Qxd4 b6 6. Qd5 c6 7. Qe5+ Qe7 8. Qf4 Nf6 9. Bd3 d5 10. O-O dxe4 11. Bxe4 Qd7 12. Nc3 Be7 13. Qf3 Nxe4 14.
Nxe4 O-O 15. Bf4 f5 16. Ng3 Bf6 17. Rad1 Qb7 18. Nxf5 Bxf5 19. b4 Bxc2 20. Rc1 Ba4 21. a3 Rac8 22. Qg3 Qf7 23. Bd6 Rfd8 24. Bf4 Bb5 25.
Rfe1 Rd3 26. Qg4 Re8 27. Rxe8+ Qxe8 28. h3 Rxa3 29. Bh6 Be2 30. Rxc6 Bxg4 0-1

[Event "Live Chess"]
[Site "Chess.com"]
[Date "2023.05.21"]
[Round "-"]
[White "boilerboy1"]
[Black "GEMdzq"]
[Result "0-1"]
[WhiteElo "1054"]
[BlackElo "2217"]
[TimeControl "300"]
[EndTime "8:43:36 PDT"]
[Termination "GEMdzq won on time"]

1. e4 d6 2. d4 Nf6 3. Nc3 g6 4. Nf3 Bg7 5. Bd3 O-O 6. Be3 Ng4 7. Bd2 c5 8. d5 Nd7 9. O-O Nde5 10. Nxe5 Nxe5 11.
Be2 f5 12. f4 Nf7 13. exf5 Bxf5 14. Bf3 Rb8 15. Be3 b5 16. Ne2 Bxb2 17. Rb1 Bg7 18. Ng3 Nh6 19. Nxf5 Nxf5 20. Bf2 Qa5 21. Bg4 Qxa2 22.
Bxf5 gxf5 23. c4 Qxc4 24. Qf3 Qe4 25. Qh5 Qxd5 26. Rfe1 Qf7 27. Qh4 e5 28. fxe5 Bxe5 29. Bg3 f4 30. Qg4+ Qg6 31. Qxg6+ hxg6 32. Bh4 c4 33. Bg5 b4 34. Be7 Rf7 35. Bh4 b3 36. Re4 c3 37. Be1 c2 38. Rc1 b2 39. Rxc2 b1=Q 40. Rce2 Rb2 41. Rxb2 Qxb2 0-1

[Event "Live Chess"]
[Site "Chess.com"]
[Date "2023.05.21"]
[Round "-"]
[White "Missedidea"]
[Black "LiamClery2020"]
[Result "1-0"]
[WhiteElo "1781"]
[BlackElo "1991"]
[TimeControl "300"]
[EndTime "8:43:37 PDT"]
[Termination "Missedidea won by resignation"]

1. d4 Nf6 2. c4 e6 3. Nc3 d5 4. Bg5 Be7 5. e3 c5 6. Nf3 h6 7. Bh4 Ne4 8. Bxe7 Nxc3 9. bxc3 Qxe7 10. cxd5 exd5 11. Bb5+ Nc6 12. Ne5 Bd7 13. Nxd7 Qxd7 14.
O-O cxd4 15. cxd4 O-O 16. Rc1 Rac8 17. Qa4 a6 18. Bxc6 Rxc6 19. Rxc6 Qxc6 20. Qxc6 bxc6 21. Rc1 Rb8 22. Kf1 Rb6 23. Ke1 Kf8 24. f3 Ke7 25. Kf2 Kd6 26. Rc2 g5 27. Kg3 a5 28.
h4 Rb8 29. hxg5 hxg5 30. Kg4 Ke6 31. Rxc6+ Kd7 32. Ra6 Rb5 33. Kxg5 Rb2 34. Rxa5 Rxg2+ 35. Kf6 Rf2 36. Rxd5+ Kc6 37. Ke5 Rxa2 38. f4 Re2 39. e4 Rh2 40. f5 Rh8 41. Rd6+ Kc7 42. Kd5 Ra8 43. Rf6 Ra5+ 44. Kc4 Ra4+ 45. Kc3 Ra3+ 46.
Kb4 Re3 47. e5 Re4 48. Kc5 Kd7 49. Rxf7+ Ke8 50. Ra7 Rh4 51. f6 Rh7 52. Rxh7 1-0

[Event "Live Chess"]
[Site "Chess.com"]
[Date "2023.05.21"]
[Round "-"]
[White "FlyingChessKestrel13"]
[Black "CeladonFish"]
[Result "1-0"]
[WhiteElo "2073"]
[BlackElo "1136"]
[TimeControl "300"]
[EndTime "8:43:44 PDT"]
[Termination "FlyingChessKestrel13 won by resignation"]

1. e4 d6 2. d4 Nf6 3. Nc3 g6 4. Bc4 Nxe4 5. Bxf7+ Kxf7 6. Nxe4 d5 7. Ng5+ Ke8 8. Qf3 Bf5 9. g4 h6 10. gxf5 gxf5 11.
Qh5+ Kd7 12. Nf7 1-0

[Event "Live Chess"]
[Site "Chess.com"]
[Date "2023.05.21"]
[Round "-"]
[White "PaulyD81"]
[Black "whatnot126"]
[Result "0-1"]
[WhiteElo "1105"]
[BlackElo "2071"]
[TimeControl "300"]
[EndTime "8:44:07 PDT"]
[Termination "whatnot126 won by resignation"]

1. d4 d6 2. c4 Nf6 3. Nc3 g6 4. e3 Bg7 5. Nf3 O-O 6. Qc2 Nbd7 7. Be2 b6 8. O-O Bb7 9. d5 e6 10. e4 Nc5 11. b4 Ncxe4 12. Nxe4 Nxe4 13. Bb2 exd5 14. Bxg7 Kxg7 15. cxd5 Bxd5 16. Bd3 Nf6 17. Rfe1 Bxf3 18.
gxf3 Rc8 19. b5 Nd7 20. Qc3+ Qf6 21. Qxf6+ Kxf6 22. Re4 Ne5 23. Rf4+ Kg5 24. Rd4 Nxf3+ 25. Kg2 Nxd4 0-1

[Event "Live Chess"]
[Site "Chess.com"]
[Date "2023.05.21"]
[Round "-"]
[White "MartinWalker4"]
[Black "SupremeTactician"]
[Result "1-0"]
[WhiteElo "2095"]
[BlackElo "2160"]
[TimeControl "300"]
[EndTime "8:44:17 PDT"]
[Termination "MartinWalker4 won by resignation"]

1. e4 e5 2. Nf3 Nc6 3. Bb5 a6 4. Ba4 Nf6 5. O-O Nxe4 6. d4 Be7 7. dxe5 O-O 8. Re1 Nc5 9. Bxc6 dxc6 10. Nc3 Be6 11. Nd4 h6 12. Nxe6 Nxe6 13. Be3 Bc5 14. Qg4 Bxe3 15. Rxe3 Qg5 16. Qxg5 hxg5 17. Ne4 Rad8 18.
Rg3 f6 19. exf6 gxf6 20. h4 Rd4 21. f3 Kf7 22. hxg5 fxg5 23. Nxg5+ Nxg5 24. Rxg5 Rd2 25. Rf5+ Ke7 26. Re1+ 1-0

[Event "Live Chess"]
[Site "Chess.com"]
[Date "2023.05.21"]
[Round "-"]
[White "lateforthesky"]
[Black "Cimon"]
[Result "0-1"]
[WhiteElo "2074"]
[BlackElo "1847"]
[TimeControl "300"]
[EndTime "8:44:18 PDT"]
[Termination "Cimon won by resignation"]

1. e4 d6 2. d4 Nf6 3. Nc3 g6 4.
f4 Bg7 5. Bd3 O-O 6. Nf3 c5 7.
dxc5 dxc5 8. e5 Nd5 9. Nxd5 Qxd5 10. Qe2 Bg4 11. Be4 Qd7 12. Be3 Qc7 13. O-O-O Na6 14. h3 Be6 15. Kb1 Qa5 16. a3 Rab8 17. Ng5 b5 18.
Nxe6 fxe6 19. Rd7 b4 20. a4 Qxa4 21. Rxa7 b3 22. Rxa6 Qxe4 23. Rc1 Bh6 24. Qd3 bxc2+ 25. Rxc2 Qxd3 0-1

[Event "Live Chess"]
[Site "Chess.com"]
[Date "2023.05.21"]
[Round "-"]
[White "GMHarry-youtube"]
[Black "ramses-IIG"]
[Result "1-0"]
[WhiteElo "2001"]
[BlackElo "854"]
[TimeControl "300"]
[EndTime "8:44:19 PDT"]
[Termination "GMHarry-youtube won by resignation"]

1. e4 d5 2. exd5 Qxd5 3. Nc3 Qe6+ 4. Qe2 Qg6 5. d4 c6 6. Nf3 e6 7. Ne5 Qf6 8. h4 Bd6 9. Bg5 Qf5 10. g4 Qxc2 11. Qxc2 Bxe5 12. dxe5 c5 13. O-O-O 1-0

[Event "Live Chess"]
[Site "Chess.com"]
[Date "2023.05.21"]
[Round "-"]
[White "Ian-Morley"]
[Black "Ra2orLeaf"]
[Result "0-1"]
[WhiteElo "1096"]
[BlackElo "1137"]
[TimeControl "300"]
[EndTime "8:44:35 PDT"]
[Termination "Ra2orLeaf won by resignation"]

1. e4 c5 2. Nf3 Nc6 3. Bb5 e6 4. Bxc6 bxc6 5. O-O d5 6. Re1 Ne7 7. c3 c4 8. d4 cxd3 9. Qxd3 Bb7 10. exd5 cxd5 11.
Ne5 Nc6 12. Qf3 Nxe5 13. Rxe5 Be7 14. Nd2 O-O 15. Re3 d4 16. cxd4 Bxf3 17. gxf3 Bg5 18. f4 Bxf4 19. Rf3 Qg5+ 20. Kf1 Bxd2 21. Bxd2 Qxd2 22. Kg2 Rac8 23. Rg1 Rc2 24. Kh3 Qxd4 25.
Rfg3 g6 26. f3 0-1

[Event "Live Chess"]
[Site "Chess.com"]
[Date "2023.05.21"]
[Round "-"]
[White "luckywookie"]
[Black "slava_ukr"]
[Result "0-1"]
[WhiteElo "823"]
[BlackElo "2347"]
[TimeControl "300"]
[EndTime "8:44:41 PDT"]
[Termination "slava_ukr won by checkmate"]

1. e4 e5 2. Nf3 Nc6 3. b3 Nf6 4. Bb2 Nxe4 5. Nxe5 Nxe5 6. Bxe5 Qe7 7. d4 d6 8. Bf4 Nc3+ 9. Be3 Nxd1 10. Kxd1 Bf5 11. Bd3 Bxd3 12. cxd3 O-O-O 13. Re1 Qd7 14. Nc3 g6 15.
Rc1 d5 16. a4 Bb4 17. Nb5 Bxe1 18. Kxe1 c6 19. Nxa7+ Kb8 20. Bf4+ Kxa7 21. Rc3 Rhe8+ 22.
Kd1 Qg4+ 23. f3 Qxf4 24. Kc2 Re2+ 25. Kb1 Qd2 26. Rc1 Qb2# 0-1

[Event "Live Chess"]
[Site "Chess.com"]
[Date "2023.05.21"]
[Round "-"]
[White "JanMur7"]
[Black "lHolyDiverl"]
[Result "1-0"]
[WhiteElo "1951"]
[BlackElo "555"]
[TimeControl "300"]
[EndTime "8:44:42 PDT"]
[Termination "JanMur7 won by resignation"]

1. e4 c6 2. d4 d5 3. Nc3 dxe4 4. Nxe4 Bf5 5. Ng3 Bg6 6. h4 h5 7. Nf3 c5 8. dxc5 Qxd1+ 9. Kxd1 Nc6 10. Bd3 Bxd3 11.
cxd3 Rd8 12. Ke2 Nf6 13. Be3 Ng4 14. d4 g6 15. Rad1 Bg7 16. d5 Nb4 17. d6 exd6 18.
cxd6 O-O 19. a3 Nc2 20. b4 Ncxe3 21. fxe3 Rfe8 22. Rd3 Ne5 23. Nxe5 Bxe5 24. Ne4 Bb2 25. Nc5 b6 26. d7 Re4 27. Nxe4 1-0

[Event "Live Chess"]
[Site "Chess.com"]
[Date "2023.05.21"]
[Round "-"]
[White "1600x"]
[Black "Biranidun"]
[Result "0-1"]
[WhiteElo "1936"]
[BlackElo "2522"]
[TimeControl "300"]
[EndTime "8:44:53 PDT"]
[Termination "Biranidun won by checkmate"]

1. e4 c5 2. Nf3 d6 3. d4 cxd4 4. Qd3 e5 5. c3 dxc3 6. Nxc3 h6 7. h3 Nf6 8. b4 Be7 9. Be2 O-O 10. O-O Be6 11.
a3 Nbd7 12. Bb2 Rc8 13. Nd2 a6 14. Rac1 b5 15. Nd5 Bxd5 16. exd5 Nb6 17. Bf3 Qd7 18.
Rc6 Qa7 19. Rfc1 Qb8 20. R1c2 Nh7 21. Ne4 f5 22. Ng3 e4 23. Nxe4 fxe4 24. Bxe4 Nf6 25.
Bf5 Rxc6 26. dxc6 Qc7 27. Bd4 Nc4 28. Be6+ Kh8 29. Bxc4 bxc4 30. Qxc4 Ra8 31. Re2 d5 32. Qc1 Bf8 33. Be5 Qf7 34. c7 Rc8 35. Qc6 Ne8 36.
Qxh6+ Kg8 37. Qxa6 Qd7 38. Rc2 Bd6 39. Bxd6 Nxd6 40. Qc6 Qxc6 41. Rxc6 Ne8 42. b5 Rxc7 43.
Rxc7 Nxc7 44. b6 Na6 45. b7 Kf7 46. f4 Ke6 47. Kf2 d4 48. Ke2 Kd5 49. g4 Kc4 50. f5 Kc3 51. Kd1 d3 52. h4 d2 53. h5 Kd3 54. g5 Nc5 55. b8=Q Ne4 56. Qd8+ Ke3 57. Qe7 Kd3 58. h6 Nc3# 0-1

[Event "Live Chess"]
[Site "Chess.com"]
[Date "2023.05.21"]
[Round "-"]
[White "grillage"]
[Black "Man-Del-Brot"]
[Result "1-0"]
[WhiteElo "1791"]
[BlackElo "1075"]
[TimeControl "300"]
[EndTime "8:44:59 PDT"]
[Termination "grillage won by resignation"]

1. d4 Nf6 2. Nc3 d5 3. Bf4 Nbd7 4. Nb5 e5 5. dxe5 Nh5 6. Bg3 Nxg3 7. hxg3 Nxe5 8. Qxd5 Bd6 9. Nxd6+ cxd6 10. O-O-O O-O 11.
Qxd6 Qxd6 12. Rxd6 Be6 13. Nh3 Rad8 14. Rxd8 Rxd8 15. e3 h6 16. Be2 Kh7 17. Rd1 Rxd1+ 18. Bxd1 b6 19. b3 Nc6 20. Nf4 Nb4 21. Kb2 Bd7 22. Bf3 Nc6 23. Bxc6 Bxc6 24. f3 f6 25. c4 a6 26. Kc3 b5 27. c5 a5 28.
a3 a4 29. b4 Be8 30. Kd4 Kg8 31. Kd5 Kf7 32. Kd6 g5 33. Nd5 Kg6 34. c6 f5 35. c7 f4 36. gxf4 gxf4 37. Nxf4+ Kf5 38. c8=Q+ 1-0

[Event "Live Chess"]
[Site "Chess.com"]
[Date "2023.05.21"]
[Round "-"]
[White "Misha145Chess"]
[Black "alanmike75"]
[Result "0-1"]
[WhiteElo "621"]
[BlackElo "1600"]
[TimeControl "300"]
[EndTime "8:45:44 PDT"]
[Termination "alanmike75 won by checkmate"]

1. e4 e5 2. Nf3 d6 3. Bc4 Be7 4.
Nc3 Nf6 5. O-O O-O 6. Re1 c5 7. Ng5 Nc6 8. d3 Nd4 9. h3 a6 10. Bxf7+ Rxf7 11. Nxf7 Kxf7 12. Bg5 Kg8 13. Ne2 Be6 14.
Nxd4 cxd4 15. c3 dxc3 16. d4 cxb2 17. Rb1 Qb6 18. d5 Bd7 19. Re2 Qd4 20. Qxd4 exd4 21. e5 dxe5 22. Rxe5 Bd6 23. Re2 Nxd5 24. Rexb2 b5 25.
Ra1 h6 26. Bd2 Rc8 27. a4 Nc3 28. Rc2 bxa4 29. Bxc3 dxc3 30. Rac1 Be5 31. g3 Bb5 32. f4 Bf6 33. g4 g5 34. fxg5 hxg5 35. Kf2 Kg7 36.
Ke3 a3 37. Ra1 Be7 38. Kd4 Bb4 39. Ke5 Kg6 40. Ke6 Ba4 41. Rcc1 c2 42. Ke5 Rc3 43. Ra2 Rxh3 44. Ke4 Bb3 45. Raa1 a2 46. Ke5 a5 47.
Kd4 Bc3+ 48. Kc5 Bxa1 49. Rxa1 Rc3+ 50. Kb5 c1=Q 51. Rxc1 Rxc1 52. Kxa5 Rg1 53. Kb4 a1=Q 54. Kxb3 Rxg4 55. Kc2 Qa2+ 56. Kc3 Qa3+ 57. Kd2 Rg2+ 58.
Ke1 Qa1# 0-1

[Event "Live Chess"]
[Site "Chess.com"]
[Date "2023.05.21"]
[Round "-"]
[White "peter-785"]
[Black "Doge_Dandolo"]
[Result "0-1"]
[WhiteElo "1169"]
[BlackElo "1856"]
[TimeControl "300"]
[EndTime "8:45:56 PDT"]
[Termination "Doge_Dandolo won on time"]

1. e4 c6 2. Nf3 d5 3. exd5 cxd5 4. d4 Nc6 5. Be2 Bg4 6. O-O Qc7 7. h3 Bxf3 8. Bxf3 e6 9. Re1 Be7 10. Be3 Nf6 11.
Qd2 O-O 12. c3 Rfc8 13. Na3 a6 14. Nc2 b5 15. Bf4 Bd6 16. Bxd6 Qxd6 17. Ne3 Rab8 18. Ng4 Nxg4 19. Bxg4 b4 20. Rab1 bxc3 21. bxc3 Na5 22.
Be2 Nc4 23. Bxc4 Rxc4 24. Rb2 g6 25. Reb1 Rxb2 26. Rxb2 Qc7 27. Rb3 a5 28. Ra3 a4 29.
Qb2 Kg7 30. Qc2 Qb6 31. Rxa4 Qc6 32. Rxc4 Qxc4 33. Qb3 Qe2 34. a4 Qe1+ 35. Kh2 Qxf2 36. a5 Qf4+ 37. Kg1 Qc1+ 38. Kh2 Qa1 39. Qb4 h5 40. Qb5 Qxc3 41. a6 Qxd4 42. Qc6 h4 43. Qc7 g5 44. a7 g4 45. hxg4 h3 0-1

[Event "Live Chess"]
[Site "Chess.com"]
[Date "2023.05.21"]
[Round "-"]
[White "ChessClubLive"]
[Black "OceanFloater"]
[Result "0-1"]
[WhiteElo "1590"]
[BlackElo "1048"]
[TimeControl "300"]
[EndTime "8:46:03 PDT"]
[Termination "OceanFloater won on time"]

1. e4 c6 2. f4 d5 3. exd5 cxd5 4. Nf3 e6 5. Bb5+ Bd7 6. Qe2 a6 7. Bxd7+ Qxd7 8. O-O Nf6 9. Ne5 Qb5 10. Qxb5+ axb5 11. Nc3 Nc6 12. Nxb5 Bc5+ 13. Kh1 O-O 14. c3 Nxe5 15. fxe5 Ne4 16. d4 Be7 17. Be3 f6 18. Nc7 fxe5 19.
Nxe6 Rxf1+ 20. Rxf1 exd4 21. Bxd4 Nf6 22. a3 Kf7 23.
Nc7 Rd8 24. g4 Rd7 25. Nb5 h6 26. h4 g5 27. hxg5 hxg5 28. Be3 Kg6 29. Nd4 Nxg4 30.
Bc1 Bd6 31. Rf5 Rh7+ 32. Kg1 Bh2+ 33. Kf1 Bf4 34. Bxf4 gxf4 35. Rxf4 Ne3+ 36. Ke2 Nc4 37. b3 Nxa3 38. Rg4+ Kf6 39. Rg8 Rh2+ 40. Kf3 Rh3+ 41. Kg4 Rxc3 42. Rf8+ Ke5 43. Nf3+ Kd6 44. Rd8+ Kc6 45.
Rc8+ Kd6 46. Rxc3 d4 47. Rd3 Nb5 48. Nxd4 Nxd4 0-1

[Event "Live Chess"]
[Site "Chess.com"]
[Date "2023.05.21"]
[Round "-"]
[White "Hacker_2009"]
[Black "f4nomore"]
[Result "1/2-1/2"]
[WhiteElo "1947"]
[BlackElo "1379"]
[TimeControl "300"]
[EndTime "8:46:16 PDT"]
[Termination "Game drawn - timeout vs insufficient material"]

1. d4 g6 2. Nf3 Bg7 3. c4 d6 4. Nc3 Nf6 5. e4 O-O 6. Be2 Nbd7 7. O-O c5 8. d5 a6 9. a3 Ng4 10.
Bd2 Nge5 11. Nxe5 Nxe5 12. f4 Nd7 13. b4 b6 14. Rc1 cxb4 15. axb4 a5 16. bxa5 bxa5 17.
Nb5 Nc5 18. Bf3 Ba6 19. Bc3 f6 20. Nd4 Bxc4 21. Nc6 Qb6 22. Nxe7+ Kh8 23. Nc6 Bxf1 24. Kxf1 Qb5+ 25. Be2 Qa4 26. Qxa4 Nxa4 27. Bd2 f5 28. e5 dxe5 29. fxe5 Rae8 30. e6 Ra8 31. Bxa5 Bh6 32. Ra1 Nc5 33. Bc3+ Bg7 34. Bxg7+ Kxg7 35. Rxa8 Rxa8 36.
e7 Ne4 37. Bd3 Ra1+ 38. Ke2 Nd6 39. Nd4 Ra2+ 40. Kf3 Kf7 41. Nb5 Nxb5 42. Bxb5 Kxe7 43. Bc6 Kd6 44. h3 Ra3+ 45. Kf4 h6 46. g4 fxg4 47.
hxg4 g5+ 48. Kf5 Rf3+ 49. Kg6 Rf4 50. Kh5 Rf6 51. Ba8 Rf8 52. Bc6 Rf6 53. Bb7 Rf7 54.
Ba6 Kxd5 55. Bd3 Rf6 56. Bg6 Ke5 57. Kxh6 Kf4 58. Kh5 Rxg6 59. Kxg6 Kxg4 60. Kf6 Kh4 61. Ke5 1/2-1/2

[Event "Live Chess"]
[Site "Chess.com"]
[Date "2023.05.21"]
[Round "-"]
[White "ConorMaclaud"]
[Black "viktorskliarov"]
[Result "0-1"]
[WhiteElo "2122"]
[BlackElo "2628"]
[TimeControl "300"]
[EndTime "8:46:20 PDT"]
[Termination "viktorskliarov won by resignation"]

1. Nf3 c5 2. e3 Nc6 3. d4 cxd4 4. exd4 d5 5. c4 Nf6 6. Nc3 Be6 7. Ng5 Qd7 8. Nb5 a6 9. Nxe6 Qxe6+ 10. Be2 axb5 11. cxd5 Qxd5 12. O-O e6 13. Bf3 Qd7 14. Re1 Nd5 15. Qb3 Be7 16. Qxb5 Nxd4 17. Qxd7+ Kxd7 18. Bxd5 exd5 19. Rd1 Bf6 20. Be3 Nc2 21. Rac1 Nxe3 22. fxe3 Rxa2 23. Rxd5+ Ke6 24. Rb5 Rxb2 25. Rxb2 Bxb2 26.
Rb1 Be5 27. Rxb7 Rb8 28. Ra7 Rb1+ 29. Kf2 Bxh2 30. g3 Bg1+ 31. Kg2 Bxe3 0-1

[Event "Live Chess"]
[Site "Chess.com"]
[Date "2023.05.21"]
[Round "-"]
[White "Duke_of_Bebington"]
[Black "LL220284LL"]
[Result "0-1"]
[WhiteElo "1567"]
[BlackElo "2237"]
[TimeControl "300"]
[EndTime "8:46:20 PDT"]
[Termination "LL220284LL won by resignation"]

1. e4 c6 2. d4 d5 3. e5 Bf5 4. g4 Bg6 5. h4 h5 6. g5 e6 7.
Bd3 Bxd3 8. Qxd3 Ne7 9. Be3 g6 10. Nd2 Nf5 11. O-O-O Be7 12. Nf1 Nd7 13. Ng3 Nxg3 14.
fxg3 O-O 15. Ne2 c5 16. Rdf1 Rc8 17. c3 Qa5 18. Kb1 cxd4 19. Bxd4 Nc5 20. Bxc5 Qxc5 21. g4 hxg4 22. h5 Qc4 23. Qc2 Qe4 24. hxg6 fxg6 25. Qxe4 dxe4 26. Rhg1 Rxf1+ 27. Rxf1 Bxg5 28. Rg1 Rf8 29. Ng3 e3 30. Ne4 e2 31. Nxg5 Rf1+ 32. Rxf1 exf1=Q+ 33. Kc2 Qf5+ 0-1

[Event "Live Chess"]
[Site "Chess.com"]
[Date "2023.05.21"]
[Round "-"]
[White "wot-not"]
[Black "TheSmoulderingMaster"]
[Result "0-1"]
[WhiteElo "1534"]
[BlackElo "1664"]
[TimeControl "300"]
[EndTime "8:46:25 PDT"]
[Termination "TheSmoulderingMaster won by checkmate"]

1. e4 c5 2. f4 d5 3. e5 Nc6 4. Nf3 Bg4 5. d4 cxd4 6. Bd3 e6 7. O-O Bc5 8. Bd2 Nge7 9. Be1 O-O 10. Bh4 Qb6 11.
Nbd2 Nf5 12. Bxf5 exf5 13. Kh1 Qxb2 14. Rb1 Qc3 15. Rxb7 d3 16. cxd3 Qxd3 17. Qe1 Bb4 18. Qf2 a5 19. h3 Bxf3 20. Nxf3 Qe4 21. Qg3 Rfb8 22. Rxb8+ Rxb8 23. Bf6 g6 24. Qh4 Bf8 25. Ng5 h5 26. Nxe4 dxe4 27. Rc1 Nd4 28. Be7 Bg7 29. Bf6 Bf8 30. Be7 Bg7 31. Qe1 Rb2 32. Qxa5 Ne2 33. Rc8+ Kh7 34. g4 Ng3+ 35. Kg1 Ne2+ 36. Kf1 Ng3+ 37.
Ke1 fxg4 38. hxg4 h4 39. Bf6 h3 40. Bxg7 h2 41. Rh8+ Kxg7 42. Rxh2 Rxh2 43. Qc7 e3 44. e6 Rh1# 0-1